Map: Tourmaline LE

Players

HoldTheDoor

  • Race: Protoss Protoss
  • League: Diamond
  • Spawn Location: 7:00

ulkagirando - Winner!

  • Race: Zerg Zerg
  • League: Diamond
  • Spawn Location: 1:00

VOD

Have the link to the VOD?

Description

Time

  • Played on: May 11, 2026, 11:30 a.m.
  • Length: 3:46
Show
View Real Time Build Order
Export as new Build Order

HoldTheDoor Protoss 

Build Orders:  

Get SALT Encoding   

  12  0:00  Probe  
  13  0:12  Probe  
  14  0:19  Pylon  
  14  0:24  Probe  
  15  0:33  Probe  
  15  0:39  Gateway  
  15  0:41  Probe  
  16  0:49  Assimilator  
  17  0:52  Probe  
  18  1:04  Probe  
  19  1:09  Forge  
  19  1:16  Probe  
  20  1:43  Cybernetics Core  
  20  1:50  Photon Cannon  
  20  1:51  Pylon  
  20  1:55  Probe  
  21  2:07  Probe  
  22  2:15  Nexus  
  22  2:20  Stalker  
  24  2:33  Probe  
  25  2:46  Robotics Facility  
  25  2:50  Shield Battery  
  25  2:54  Shield Battery  
  25  2:58  Stalker  
  27  3:09  Probe  
  27  3:11  Assimilator  
  28  3:17  Pylon  
Show
View Real Time Build Order
Export as new Build Order

ulkagirando Zerg - Winner!

Build Orders: Hatch First 

Get SALT Encoding   

  12  0:02  Drone  
  13  0:08  Drone  
  14  0:20  Extractor  
  14  0:21  Drone  
  15  0:46  Hatchery  
  14  0:55  Spawning Pool  
  13  1:00  Drone  
  14  1:09  Overlord  
  14  1:56  Zergling x6  
  14  2:00  Queen  
  14  2:01  Zergling x2  
  20  2:08  Spine Crawler  
  19  2:09  Spine Crawler  
  19  2:12  Spine Crawler, Zergling x2  
  19  2:15  Zergling x2  
  19  2:30  Zergling x4  
  19  2:33  Zergling x4  
  23  2:43  Drone  
  23  3:22  Zergling x4  
  23  3:23  Zergling x2  
  26  3:27  Drone x2  
Tags
 
Matchup
PvZ
Replay Pack
SC2Mai2026
Spawn Locations
Cross Positions
Add a new tag
Caveats
  • Supply blocks, unpowered buildings, or Contaminate may cause inaccurate times.
  • Supply counts are checked every 10 seconds.